 Dungeon Crawl Stone Soup version 0.21-a0-426-g98080a9 (webtiles) character file.

135 theanonym the Magician (level 4, -4/30 HPs)
             Began as a Mummy Ice Elementalist on Nov 7, 2017.
             Slain by a killer bee zombie (5 damage)
             ... on level 4 of the Dungeon.
             The game lasted 00:04:45 (3813 turns).

theanonym the Magician (Mummy Ice Elementalist)     Turns: 3813, Time: 00:04:46

Health: -4/30      AC:  2    Str: 11    XL:     4   Next: 96%
Magic:  10/10      EV: 12    Int: 15    God:
Gold:   168        SH:  0    Dex: 12    Spells: 4/12 levels left

rFire    x . .     SeeInvis .   g - +0 dagger
rCold    + . .     Gourm    .   (no shield)
rNeg     + + +     Faith    .   a - +0 robe
rPois    ∞         Spirit   .   (no helmet)
rElec    .         Reflect  .   (no cloak)
rCorr    .         Harm     .   (no gloves)
MR       .....                  (no boots)
Stlth    ++........             (no amulet)
HPRegen  0.10/turn              (no ring)
MPRegen  0.12/turn              (no ring)

@: no status effects
A: no food or potions, fire vulnerability, cold resistance 1, negative energy
resistance 3, torment resistance, unbreathing
a: no special abilities


Innate Abilities, Weirdness & Mutations

You do not eat or drink.
Your flesh is vulnerable to fire.
You are immune to poison.
Your flesh is cold resistant. (rC+)
You are immune to negative energy. (rN+++)
You are immune to unholy pain and torment.
You can survive without breathing.


   Skills:
 - Level 1.5 Dodging
 - Level 1.5 Stealth
 + Level 4.6 Spellcasting
   Level 0.7 Conjurations
 * Level 1.2 Summonings
 + Level 3.5 Ice Magic


You had 4 spell levels left.
You knew the following spells:

 Your Spells              Type           Power        Failure   Level  Hunger
a - Freeze                Ice            ##..         4%          1    N/A
c - Summon Ice Beast      Ice/Summ       ##......     54%         4    N/A
g - Ozocubu's Armour      Chrm/Ice       #.......     24%         3    N/A

Skill      XL: |  1  2  3  4 |
---------------+-------------+-----
Spellcasting   | 3 4 |  4.6
Ice Magic      | 3 |  3.5
Summonings     | 1 |  1.2
Dodging        | |  1.5
Stealth        | |  1.5
Conjurations   | |  0.7

Action                   |  1- 3 |  4- 6 || total
-------------------------+-------+-------++-------
Melee: Dagger            |    21 |    10 ||    31
 Cast: Freeze            |    80 |    36 ||   116
       Ozocubu's Armour  |     2 |     1 ||     3
  Use: Scroll            |     2 |       ||     2
Armor: Robe              |    14 |     5 ||    19
Dodge: Dodged            |    60 |    31 ||    91

Inventory:

Hand Weapons
 g - a +0 dagger (weapon)
   (You found it on level 1 of the Dungeon)
Missiles
 d - 4 curare-tipped needles
Armour
 a - a +0 robe (worn)
Scrolls
 c - a scroll of magic mapping {unknown}
 e - a scroll of enchant weapon {unknown}
 f - 3 scrolls of teleportation {unknown}
 h - a scroll of random uselessness {unknown}
 i - 2 scrolls of blinking {unknown}
 r - 2 scrolls of identify
Books
 b - a book of Frost

   Spells                             Type                      Level
   a - Freeze                         Ice                          1
   b - Throw Frost                    Conjuration/Ice              2
   c - Ozocubu's Armour               Charms/Ice                   3
   d - Throw Icicle                   Conjuration/Ice              4
   e - Summon Ice Beast               Ice/Summoning                4

Dungeon Overview and Level Annotations

Branches:
Dungeon (4/15)
 Temple: D:4-7

Altars:
Makhleb
Qazlal
Yredelemnul


You were on level 4 of the Dungeon.
You were not hungry.

You visited 1 branch of the dungeon, and saw 4 of its levels.

You collected 168 gold pieces.


Message History

Found a stone staircase leading up.
MP restored: 10 A kobold is nearby!
A kobold is nearby!
A kobold is nearby!
A kobold is nearby!
The kobold shouts!
The kobold throws a stone.
The stone closely misses you. The kobold hits you.
You take 2 damage, and have 28/30 hp.
Aim: a kobold You freeze the kobold.
You kill the kobold!
You now have 9/10 mp.
No target in view!
No target in view!
No target in view!
Things that are here:
2 stones; a kobold corpse; Health restored: 30; MP restored: 10 A hobgoblin comes into view.
It is wielding a club.
The hobgoblin shouts!
A hobgoblin is nearby!
A hobgoblin is nearby!
A hobgoblin is nearby!
A hobgoblin is nearby!
The hobgoblin closely misses you.
Aim: a hobgoblin, wielding a club You freeze the hobgoblin.
You kill the hobgoblin!
You now have 9/10 mp.
No target in view!
No target in view!
No target in view!
You see here a club.
Found a stone staircase leading down.
MP restored: 10
Found a coppery potion.
You see here a royal jelly.
There is a stone staircase leading down here.
Key pressed, stopping explore.
Found 14 stones.
A hobgoblin comes into view.
You see here 14 stones.
The hobgoblin shouts!
The hobgoblin barely misses you.
Aim: a hobgoblin You freeze the hobgoblin.
You kill the hobgoblin!
You now have 9/10 mp.
No target in view!
No target in view!
You see here a hobgoblin corpse.
You see here a ring mail.
Key pressed, stopping explore.
Things that are here:
a hand axe; a ring mail You see here a viscous orange potion.
Done exploring.
MP restored: 10 Done exploring.
Done exploring.
Done exploring.
Done exploring.
Done exploring.
No target in view!
There is a stone staircase leading down here.
You climb downwards.
Found a scroll of identify.
There is a stone staircase leading up here.
r - 2 scrolls of identify (gained 1)
Found a mace.
Found a stone staircase leading down.
f - 3 scrolls labeled DISASCH BUBY (gained 1)
A hound skeleton comes into view.
A killer bee zombie comes into view.
A killer bee zombie is nearby!
An ogre comes into view. It is wielding a giant club.
Aim: an ogre, wielding a giant club You freeze the ogre.
The killer bee zombie closely misses you.
The ogre hits you with a giant club!
Ouch! That really hurt!
* * * LOW HITPOINT WARNING * * *
You take 16 damage, and have 14/30 hp.
MASSIVE DAMAGE!!
You now have 9/10 mp.
You are too injured to fight recklessly!
You are too injured to fight recklessly!
You are too injured to fight recklessly!
You are too injured to fight recklessly!
The killer bee zombie barely misses you.
The killer bee zombie hits you.
* * * LOW HITPOINT WARNING * * *
You take 4 damage, and have 11/30 hp.
The killer bee zombie hits you.
* * * LOW HITPOINT WARNING * * *
The killer bee zombie hits you.
* * * LOW HITPOINT WARNING * * *
The killer bee zombie hits you.
* * * LOW HITPOINT WARNING * * *
You take 10 damage, and have 1/30 hp.
MASSIVE DAMAGE!!
The killer bee zombie hits you.
You die...

#. #.####.### #.###.## ..
##.# #.#####.#.#.#
#.###.## #........#..#
#....# #######.#.#.#
#.####..###########.#.#.#
........##..............#
#.####.###.# ######<#.###
#.# #.########.#.#
#.###....OZ@...#.#
#......########...#
#.###.#.##### .#.# #.
#.......# ..#.. #.
#.#.###....##### ##
..##.# #. #.# #.# #. #.#
# #..


You could see an ogre and a killer bee zombie.

Notes
Turn   | Place    | Note
-------+----------+-------------------------------------------
     0 | D:1      | theanonym the Mummy Ice Elementalist began the quest for the Orb.
     0 | D:1      | Reached XP level 1. HP: 13/13 MP: 4/4
   151 | D:1      | Reached skill level 3 in Spellcasting
   325 | D:1      | Reached XP level 2. HP: 19/19 MP: 3/6
   633 | D:2      | HP: 9/19 [jackal (1)]
   638 | D:2      | HP: 7/19 [jackal (2)]
   639 | D:2      | Reached skill level 3 in Ice Magic
   843 | D:2      | Reached XP level 3. HP: 24/24 MP: 5/8
   972 | D:2      | HP: 12/24 [kobold (1)]
  1188 | D:2      | HP: 12/24 [jackal (3)]
  1200 | D:2      | HP: 11/24 [jackal (2)]
  1205 | D:2      | HP: 9/24 [jackal (2)]
  1472 | D:2      | HP: 11/24 [hobgoblin (2)]
  1496 | D:2      | Learned a level 3 spell: Ozocubu's Armour
  1694 | D:2      | HP: 6/24 [worm (10)]
  1987 | D:2      | Reached skill level 4 in Spellcasting
  2080 | D:2      | Found a basalt altar of Yredelemnul.
  2455 | D:2      | Found a burning altar of Makhleb.
  2577 | D:3      | Reached XP level 4. HP: 30/30 MP: 5/10
  2617 | D:3      | Found a stormy altar of Qazlal.
  2919 | D:3      | Learned a level 4 spell: Summon Ice Beast
  3048 | D:3      | Reached skill level 1 in Summonings
  3804 | D:4      | Noticed an ogre
  3806 | D:4      | HP: 14/30 [ogre/giant club (16)]
  3811 | D:4      | HP: 7/30 [killer bee zombie (2)]
  3812 | D:4      | HP: 1/30 [killer bee zombie (6)]
  3813 | D:4      | Slain by a killer bee zombie

Vanquished Creatures
  An orc priest (D:3)
  3 adders
  2 worms (D:2)
  2 leopard geckos (D:2)
  5 orcs (D:3)
  6 bats
  2 giant cockroaches
  7 goblins
  12 hobgoblins
  7 jackals (D:2)
  A quokka (D:2)
  2 frilled lizards
  4 kobolds
  5 rats
59 creatures vanquished.
